 Dungeon Crawl Stone Soup version 0.30-a0-881-g1ff12e1e11 (webtiles) character file.

Game seed: 10696189266117042032

112 Hubris850 the Shooter (level 5, -6/32 HPs)
             Began as a Kobold Hunter on Mar 14, 2023.
             Mangled by a goblin
             ... wielding a +0 dagger of electrocution
             ... led by Robin
              (20 damage)
             ... on level 3 of the Dungeon.
             The game lasted 00:03:50 (1754 turns).

Hubris850 the Shooter (Kobold Hunter)               Turns: 1754, Time: 00:03:51

Health: -6/32      AC:  7    Str:  8    XL:     5   Next: 16%
Magic:  5/5        EV: 15    Int: 11    God:
Gold:   151        SH:  0    Dex: 20    Spells: 4/4 levels left

rFire   . . .      SeeInvis .    a - +0 shortbow
rCold   . . .      Faith    .    (shield currently unavailable)
rNeg    . . .      Spirit   .    c - +0 leather armour
rPois   +          Reflect  .    (no helmet)
rElec   .          Rampage  .    (no cloak)
rCorr   .                        (no gloves)
Will    .....                    (no boots)
Stlth   +++                      (no amulet)
HPRegen 0.25/turn                f - +4 ring of protection
MPRegen 0.09/turn                g - ring of poison resistance

@: no status effects
A: small, no large weapons, nightstalker 3
a: no special abilities


You were on level 3 of the Dungeon.
You visited 1 branch of the dungeon, and saw 3 of its levels.

You collected 151 gold pieces.

Inventory:

Hand Weapons
 a - a +0 shortbow (weapon)
 h - a +0 sling
Armour
 c - a +0 leather armour (worn)
Jewellery
 f - a +4 ring of protection (left hand)
 g - a ring of poison resistance (right hand)
Scrolls
 b - 2 scrolls of immolation
 d - a scroll of acquirement {unknown}
Potions
 e - a potion of haste {unknown}
 i - 2 potions of curing {unknown}


   Skills:
 - Level 3.0 Fighting
 + Level 6.6 Ranged Weapons
 - Level 3.5 Dodging
 - Level 3.0 Stealth


You had 4 spell levels left.
You didn't know any spells.
Your spell library was empty.

Dungeon Overview and Level Annotations

Branches:
Dungeon (3/15)

Altars:

Annotations:
D:3 1 runed translucent door, Crazy Yiuf, Robin


Innate Abilities, Weirdness & Mutations

You are small and have problems with some larger weapons.
You are completely attuned to the shadows.


Message History

Robin roars a battlecry!
The goblin goes into a battle-frenzy!
You hear a shout!
You shoot an arrow.
The arrow hits Robin but does no damage.
Robin is lightly wounded.
Robin completely misses you. Robin throws the goblin at you!
The goblin barely misses you.
You shoot an arrow.
The arrow hits Robin but does no damage.
Robin is lightly wounded.
Robin zaps a wand.
The puff of flame hits you. The goblin hits you but does no damage.
You shoot an arrow. The arrow completely misses Robin.
Robin zaps a wand.
The puff of flame hits you! The goblin hits you but does no damage.
A hobgoblin comes into view.
You are too injured to fight recklessly!
You are too injured to fight recklessly!
You are too injured to fight recklessly!
You aren't carrying any items that you can evoke.
Okay, then.
Unknown command.
Unknown command.
Fire: a) +0 shortbow
Press: ? - help, Q - select action Shift-Dir - straight line, f/p - Robin
Aim: Robin, wielding a +0 whip, wearing a +0 animal skin, wearing a +0 helmet and carrying a wand of flame (11) (lightly wounded, 72% to hit)
You shoot an arrow. The arrow barely misses Robin.
The arrow hits the hobgoblin.
You kill the hobgoblin!
Robin closely misses you. The goblin hits you but does no damage.
Fire: a) +0 shortbow
Press: ? - help, Q - select action Shift-Dir - straight line, f/p - Robin
Aim: Robin, wielding a +0 whip, wearing a +0 animal skin, wearing a +0 helmet and carrying a wand of flame (11) (lightly wounded, 72% to hit)
You shoot an arrow. The arrow hits Robin.
Robin is moderately wounded.
Robin hits you but does no damage. The goblin barely misses you.
Robin hits you but does no damage. The goblin hits you but does no damage.
You are electrocuted!!
Ouch! That really hurt!
You die...

##.....## ## #.#
##.......## #.##.#
###.........####...#.#####
..'.........'.)...........
###.........####...#.#####
##.......## ##.#...##
##.....## ##.#.#.#.#
##...## #g.)...#.# ##'##
##@#.###.# #.# #g##...##
#<# #)###### ##.## #.#
###...## #†# #......#
#.#.>.## #.##.#####
#......


You could see Robin and a goblin (strong).

Vanquished Creatures
  An iguana (D:3)
  3 adders (D:2)
  2 worms (D:2)
  3 dart slugs
  An orc (D:3)
  5 endoplasms
  A giant cockroach (D:1)
  7 goblins
  4 hobgoblins
  3 jackals (D:1)
  A quokka (D:3)
  2 ball pythons (D:1)
  7 bats
  A frilled lizard (D:2)
  5 kobolds
46 creatures vanquished.

Notes
Turn   | Place    | Note
-------+----------+-------------------------------------------
     0 | D:1      | Hubris850 the Kobold Hunter began the quest for the Orb.
     0 | D:1      | Reached XP level 1. HP: 12/12 MP: 1/1
    52 | D:1      | Reached XP level 2. HP: 14/18 MP: 2/2
   618 | D:1      | Reached XP level 3. HP: 22/22 MP: 3/3
   709 | D:1      | Found a faded altar of an unknown god.
  1170 | D:2      | Reached XP level 4. HP: 27/27 MP: 4/4
  1496 | D:3      | Found a runed translucent door.
  1499 | D:3      | Noticed Crazy Yiuf
  1562 | D:3      | Reached skill level 6 in Ranged Weapons
  1617 | D:3      | Reached XP level 5. HP: 27/32 MP: 5/5
  1743 | D:3      | Noticed Robin
  1754 | D:3      | Mangled by a goblin

Illustrated notes

Levels and vault maps discovered:
D:1:      wander_arrival_estate, layout_basic,
          dreamdust_ecumenical_altar_statues, minmay_misc_feat_tower,
          eino_curves_04, minmay_misc_feat_five
D:2:      layout_rooms, corner_web_ring, dreamdust_wishing_well
D:3:      layout_loops_corners, uniq_robin, uniq_crazy_yiuf_cottage

Skill      XL: |  1  2  3  4 |
---------------+-------------+-----
Stealth        | 2 3 |  3.0
Dodging        | 3 |  3.5
Fighting       | 3 |  3.0
Ranged Weapons | 6 |  6.6

Action                     |  1- 3 |  4- 6 || total
---------------------------+-------+-------++-------
   Fire: Shortbow          |    75 |    58 ||   133
    Use: Scroll            |     2 |       ||     2
 Armour: Leather armour    |     9 |    18 ||    27
  Dodge: Dodged            |    28 |    21 ||    49

Table legend: (Time is in decaauts)
 A = Elapsed time spent in this place.
 B = Non-inter-level travel time spent in this place.
 C = Inter-level travel time spent in this place.
 D = Time resting spent in this place.
 E = Time spent auto-exploring this place.
 F = Levels seen in this place.
 G = Mean time per level.
                   A        B        C        D        E       F      G
               +--------+--------+--------+--------+--------+-----+--------+
         Total |   1786 |   1735 |     51 |     23 |   1466 |   3 |  595.3 |
       Dungeon |   1786 |   1735 |     51 |     23 |   1466 |   3 |  595.3 |
               +--------+--------+--------+--------+--------+-----+--------+

Top non-repeatable levels by time:
     D:1: 916 daAuts
     D:2: 573 daAuts
     D:3: 296 daAuts
